 Dungeon Crawl Stone Soup version 0.31-a0-345-g1ebeae05c6 (webtiles) character file.

Game seed: 14621834513615673579

74 Brandom the Vexing (level 4, 0/26 HPs)
             Began as a Deep Elf Hexslinger on July 21, 2023.
             Slain by a quokka (4 damage)
             ... on level 2 of the Dungeon on July 22, 2023.
             The game lasted 00:06:21 (1287 turns).

Brandom the Vexing (Deep Elf Hexslinger)            Turns: 1287, Time: 00:06:21

Health: 0/26       AC:  3    Str:  5    XL:     4   Next: 9%
Magic:  9/9        EV: 13    Int: 18    God:
Gold:   76         SH:  5    Dex: 19    Spells: 3/7 levels left

rFire   . . .        a - +1 sling
rCold   . . .        (no shield)
rNeg    . . .        c - +0 robe
rPois   .            m - +0 helmet
rElec   .            (no cloak)
rCorr   .            (no gloves)
SInv    .            (no boots)
Will    .....        j - amulet of reflection
Stlth   ++           (no ring)
HPRegen 0.24/turn    (no ring)
MPRegen 0.11/turn

%: reflection
@: no status effects
A: no striking features
a: no special abilities


You were on level 2 of the Dungeon.
You visited 1 branch of the dungeon, and saw 2 of its levels.

You collected 76 gold pieces.

Inventory:

Hand Weapons
 a - a +1 sling (weapon)
Armour
 c - a +0 robe (worn)
 f - a +0 ring mail
   (You found it on level 1 of the Dungeon)
 m - a +0 helmet (worn)
   (You found it on level 2 of the Dungeon)
 p - a +0 ring mail
   (You found it on level 2 of the Dungeon)
 q - a +0 chain mail
   (You found it on level 2 of the Dungeon)
Jewellery
 j - an amulet of reflection (around neck)
   (You found it on level 1 of the Dungeon)
Talismans
 l - a beast talisman
   (You found it on level 2 of the Dungeon)
 r - a storm talisman
   (You found it on level 2 of the Dungeon)
Scrolls
 b - a scroll of poison {!r}
 e - 3 scrolls of identify {unknown}
 i - 2 scrolls of blinking {unknown}
 k - a scroll of noise {unknown}
 n - a scroll of teleportation {unknown}
 o - a scroll of fear {unknown}
Potions
 d - a potion of might {unknown}
 g - a potion of mutation {unknown}
 h - 2 potions of enlightenment {unknown}


   Skills:
 * Level 1.8 Fighting
 * Level 3.9 Ranged Weapons
 + Level 3.1 Dodging
 + Level 2.2 Spellcasting
 + Level 0.2 Conjurations
 - Level 4.0 Hexes
 + Level 0.5 Air Magic
 + Level 0.2 Poison Magic


You had 3 spell levels left.
You knew the following spells:

 Your Spells              Type           Power      Damage    Failure   Level
a - Slow                  Hex            64%        N/A       3%          1
d - Mephitic Cloud        Conj/Pois/Air  3%         N/A       41%         3

Your spell library contained the following spells:

 Spells                   Type           Power      Damage    Failure   Level
 Poisonous Vapours        Pois/Air       6%         N/A       22%         2
 Inner Flame              Hex/Fire       9%         N/A       24%         3
 Portal Projectile        Hex/Tloc       18%        N/A       24%         3
 Stone Arrow              Conj/Erth      4%         3d7       45%         3
 Cause Fear               Hex            8%         N/A       32%         4
 Animate Armour           Summ/Erth      4%         N/A       87%         4
 Freezing Cloud           Conj/Ice/Air   1%         6-21      99%         5
 Lehudib's Crystal Spear  Conj/Erth      1%         10d2      100%        8


Dungeon Overview and Level Annotations

Branches:
Dungeon (2/15)

Altars:


Message History

You block the quokka's attack.
Unknown command.
You block the quokka's attack.
Unknown command.
The quokka closely misses you.
Unknown command.
The quokka barely misses you. The quokka closely misses you.
Unknown command.
The quokka barely misses you.
Unknown command.
You block the quokka's attack.
Unknown command.
You block the quokka's attack.
Unknown command.
You block the quokka's attack.
Unknown command.
The quokka closely misses you. x2
Unknown command.
Unknown command.
The quokka barely misses you. The quokka barely misses you.
The quokka misses you. The quokka misses you. The quokka barely misses you.
The quokka bites you.
* * * LOW HITPOINT WARNING * * *
The quokka completely misses you. The quokka closely misses you.
The quokka misses you. The quokka barely misses you.
The quokka barely misses you. The quokka misses you. The quokka bites you.
* * * LOW HITPOINT WARNING * * *
The quokka misses you. The quokka barely misses you. The quokka bites you.
* * * LOW HITPOINT WARNING * * *
The quokka closely misses you. The quokka misses you. The quokka misses you.
You block the quokka's attack. The quokka barely misses you.
The quokka bites you.
* * * LOW HITPOINT WARNING * * *
You block the quokka's attack. The quokka barely misses you.
The quokka closely misses you. The quokka barely misses you.
The quokka bites you.
* * * LOW HITPOINT WARNING * * *
The quokka closely misses you. The quokka barely misses you.
The quokka bites you.
You die...

##################
#......†.#
................>#
#.####.###
..##############.#
#.#.....#
#..########### #.#
#.#..#..#
##...........# #.#
#.#.##..#
##..########.# #.#
#.......# .....##
#.# #.# #.#.##.##
......######.# #.#
#......#
.............# #@#
##..########
.(...#....#### #r#
#.........#
.....####.# #.#
#.#######.# ...#.#
#.# #.# #.# #.#
.#.#.# #.# #)# #.#
#.# .#.#.# #.###
#.# #.# #.# ...#<#
#...# #.# #.# #.#
## ###.# #.# #.#
#.# #.# #.# #.#
#.#


You could see a quokka.

Vanquished Creatures
  An adder (D:2)
  2 worms (D:2)
  2 dart slugs (D:1)
  5 bats
  4 endoplasms
  3 giant cockroaches
  6 goblins (D:1)
  6 hobgoblins
  2 jackals (D:1)
  A kobold (D:2)
  5 quokkas
  7 ball pythons
  2 rats (D:2)
46 creatures vanquished.

Notes
Turn   | Place    | Note
-------+----------+-------------------------------------------
     0 | D:1      | Brandom the Deep Elf Hexslinger began the quest for the
                  | Orb.
     0 | D:1      | Reached XP level 1. HP: 11/11 MP: 5/5
    23 | D:1      | Reached skill level 1 in Fighting
    36 | D:1      | Reached XP level 2. HP: 16/16 MP: 6/6
   278 | D:1      | Reached XP level 3. HP: 6/20 MP: 5/8
   459 | D:1      | Learned a level 3 spell: Mephitic Cloud
   594 | D:2      | Found a faded altar of an unknown god.
   965 | D:2      | Reached XP level 4. HP: 23/26 MP: 9/9
  1060 | D:2      | Upgraded the game from 0.31-a0-344-gd109795599 to
                  | 0.31-a0-345-g1ebeae05c6
  1287 | D:2      | Slain by a quokka

Illustrated notes

Levels and vault maps discovered:
D:1:      minmay_arrival_radiant_lines, layout_rooms
D:2:      layout_basic, ebering_ecumenical_altar_box

Skill      XL: |  1  2  3 |
---------------+----------+-----
Fighting       | 1 |  1.8
Ranged Weapons | 3 |  3.9
Spellcasting   | 2 |  2.2
Dodging        | 3 |  3.1
Conjurations   | |  0.2
Hexes          | |  4.0
Air Magic      | |  0.5
Poison Magic   | |  0.2

Action                     |  1- 3 |  4- 6 || total
---------------------------+-------+-------++-------
   Fire: Sling             |   129 |    14 ||   143
   Cast: Slow              |     2 |       ||     2
 Armour: Robe              |     7 |     2 ||     9
  Dodge: Dodged            |    28 |    64 ||    92
  Block: Other             |     8 |    19 ||    27

Table legend: (Time is in decaauts)
 A = Elapsed time spent in this place.
 B = Non-inter-level travel time spent in this place.
 C = Inter-level travel time spent in this place.
 D = Time resting spent in this place.
 E = Time spent auto-exploring this place.
 F = Levels seen in this place.
 G = Mean time per level.
                   A        B        C        D        E       F      G
               +--------+--------+--------+--------+--------+-----+--------+
         Total |   1319 |   1304 |     15 |      0 |    916 |   2 |  659.5 |
       Dungeon |   1319 |   1304 |     15 |      0 |    916 |   2 |  659.5 |
               +--------+--------+--------+--------+--------+-----+--------+

Top non-repeatable levels by time:
     D:2: 805 daAuts
     D:1: 514 daAuts
